 Dungeon Crawl Stone Soup version 0.22-a0-803-gd6d8abe (webtiles) character file.

88 sking99 the Insei (level 4, -2/29 HPs)
             Began as an Octopode Transmuter on July 22, 2018.
             Was an Initiate of Okawaru.
             Slain by a phantom (9 damage)
             ... on level 1 of the Dungeon.
             The game lasted 00:04:03 (2318 turns).

sking99 the Insei (Octopode Transmuter)             Turns: 2318, Time: 00:04:04

Health: -2/29      AC:  2    Str:  9    XL:     4   Next: 53%
Magic:  6/7        EV: 14    Int: 15    God:    Okawaru [......]
Gold:   173        SH:  0    Dex: 13    Spells: 1/7 levels left

rFire    . . .     SeeInvis .     - Unarmed
rCold    . . .     Gourm    .   (no shield)
rNeg     . . .     Faith    .   e - +1 hat
rPois    .         Spirit   .   (no amulet)
rElec    .         Reflect  .   (no ring)
rCorr    .         Harm     .   (no ring)
MR       .....                  (no ring)
Stlth    ++........             (no ring)
HPRegen  0.09/turn              (no ring)
MPRegen  0.10/turn              (no ring)
                                (no ring)
                                (no ring)

@: no status effects
A: almost no armour, stealthy swim, amphibious, 8 rings, constrict 8, camouflage
1, gelatinous body 1
a: Renounce Religion


You were on level 1 of the Dungeon.
You worshipped Okawaru.
Okawaru was noncommittal.
You were not hungry.

You visited 1 branch of the dungeon, and saw 2 of its levels.

You collected 173 gold pieces.

Inventory:

Missiles
 a - 25 arrows
Armour
 e - a +1 hat (worn)
Jewellery
 k - an uncursed amulet of regeneration {unknown}
Wands
 g - a wand of digging (22)
 l - a wand of random effects (26)
Scrolls
 b - 2 scrolls of teleportation {unknown}
 h - a scroll of identify {unknown}
Potions
 d - 2 potions of might {unknown}
 i - a potion of curing
 j - a potion of flight {unknown}
Comestibles
 c - 2 rations


   Skills:
 - Level 2.1 Fighting
 - Level 2.6 Dodging
 + Level 4.2 Unarmed Combat
 - Level 2.0 Spellcasting
 + Level 2.1 Transmutations
 + Level 0.4 Poison Magic


You had one spell level left.
You knew the following spells:

 Your Spells              Type           Power        Failure   Level  Hunger
a - Beastly Appendage     Tmut           #.....       10%         1    #......
b - Sticks to Snakes      Tmut           #.......     14%         2    ###....
c - Spider Form           Tmut/Pois      #.........   36%         3    ###....

Your spell library contained the following spells:

 Spells                   Type           Power        Failure   Level  Hunger
 Blade Hands              Tmut           #.........   95%         5    ######.
 Ice Form                 Ice/Tmut       #.......     82%         4    #####..


Dungeon Overview and Level Annotations

Branches:
Dungeon (2/15)

Altars:
Okawaru


Innate Abilities, Weirdness & Mutations

You cannot wear most types of armour.
You are very stealthy in the water. (Stealth+)
You are amphibious.
You can wear up to eight rings at the same time.
You can use your tentacles to constrict eight enemies at once.
Your skin changes colour to match your surroundings (Stealth+).
Your rubbery body absorbs attacks. (AC +1, EV +1)


Message History

You miss the phantom.
You tentacle-slap the phantom, but do no damage.
You squeeze the phantom.
The phantom is heavily damaged.
The phantom hits you.
* * * LOW HITPOINT WARNING * * *
You barely miss the phantom.
The phantom is heavily damaged.
The phantom hits you.
* * * LOW HITPOINT WARNING * * *
Okay, then.
It was a potion of curing.
You feel better. The phantom barely misses you.
You tentacle-slap the phantom but do no damage.
Your tentacle-slap misses the phantom.
Your squeeze misses the phantom.
The phantom is heavily damaged.
The phantom misses you.
You tentacle-slap the phantom.
The phantom is heavily damaged.
The phantom hits you!
You die...

.......#.###..........##.#
...##..#.###..........#..#
......................#.##
...###................#.#
....##...##...........#.#
##################....#.#####
####.........# #....#.....###
...........<.#####......###...#
#####........#^W@#......# ###.#
##........#####.....## #.###
##...#.....##.....#..## #...#
##...###....###.##.#..(#######.#
##...## ##.### #.##.#......# #.#
#...## #.# #.##.#......# #.#
...## #.## #.##......#†## #.#
.)## #..## #.#####..##..# #.#
.^# ##..###.# ######.###.#


You could see a phantom.

Vanquished Creatures
  Terence (D:2)
  A gnoll (D:1)
  An adder (D:2)
  A dart slug (D:2)
  A leopard gecko (D:1)
  9 bats
  4 giant cockroaches
  3 goblins
  5 hobgoblins
  5 kobolds
  2 quokkas (D:2)
  A frilled lizard (D:2)
  4 rats
38 creatures vanquished.

Notes
Turn   | Place    | Note
-------+----------+-------------------------------------------
     0 | D:1      | sking99 the Octopode Transmuter began the quest for the Orb.
     0 | D:1      | Reached XP level 1. HP: 13/13 MP: 3/3
   164 | D:1      | Reached XP level 2. HP: 17/18 MP: 5/5
   513 | D:1      | Reached XP level 3. HP: 17/24 MP: 4/6
   875 | D:2      | Found an iron altar of Okawaru.
   884 | D:2      | Became a worshipper of Warmaster Okawaru
  1125 | D:2      | Noticed Terence
  1163 | D:2      | Killed Terence
  1163 | D:2      | Reached skill level 4 in Unarmed Combat
  1163 | D:2      | Reached XP level 4. HP: 23/29 MP: 5/7
  1173 | D:2      | Learned a level 2 spell: Sticks to Snakes
  1177 | D:2      | Learned a level 3 spell: Spider Form
  1529 | D:2      | Noticed a phantom
  1615 | D:2      | HP: 1/29 [phantom (5)]
  1954 | D:2      | HP: 1/29 [phantom (3)]
  2318 | D:1      | Slain by a phantom

Vault maps used:
D:1:      elethiomel_arrival_shortcut, minmay_tall_x
D:2:      minmay_wonky_spiral, chequers_ecumenical_altar_lobes,
          okawaru_ov_weapons_minmay, uniq_terence

Skill      XL: |  1  2  3 |
---------------+----------+-----
Fighting       | 2 |  2.1
Unarmed Combat | 4 |  4.2
Dodging        | |  2.6
Spellcasting   | |  2.0
Transmutations | |  2.1
Poison Magic   | |  0.4

Action                   |  1- 3 |  4- 6 || total
-------------------------+-------+-------++-------
Melee: Unarmed           |    62 |    66 ||   128
       Tentacles         |    17 |     9 ||    26
       Constrict         |    15 |     7 ||    22
       Kick              |     9 |     4 ||    13
       Punch             |     1 |     1 ||     2
 Cast: Beastly Appendage |     6 |     1 ||     7
       Sticks to Snakes  |       |     3 ||     3
       Spider Form       |       |     2 ||     2
  Use: Potion            |       |     1 ||     1
 Stab: Sleeping          |     5 |       ||     5
  Eat: Chunk             |     1 |     2 ||     3
       Ration            |       |     1 ||     1
Armor: Skin              |    10 |     4 ||    14
Dodge: Dodged            |    39 |    37 ||    76

Table legend:
 A = Spawn XP
 B = Non-spawn XP
 C = Spawn XP percentage of total XP
 D = Spawn monster count
 E = Non-spawn monster count
 F = Spawn count percentage of total count
 G = Total turns spent on level
                    A         B        C        D         E        F      G
               +---------+---------+-------+---------+---------+-------+---------
         Total |       0 |     126 |   0.0 |       0 |      38 |   0.0 |  2318
               +---------+---------+-------+---------+---------+-------+---------
           D:1 |       0 |      49 |   0.0 |       0 |      21 |   0.0 |  1373
           D:2 |       0 |      77 |   0.0 |       0 |      17 |   0.0 |   945
               +---------+---------+-------+---------+---------+-------+---------
